 Dungeon Crawl Stone Soup version 0.27.1 (webtiles) character file.

Game seed: 1757121486039840391

27360 VictoriousLee the Basher (level 13, 0/74 HPs)
             Began as a Gargoyle Earth Elementalist on Aug 27, 2021.
             Was a Follower of Vehumet.
             Slain by a four-headed hydra (7 damage)
             ... on level 11 of the Dungeon on Aug 28, 2021.
             The game lasted 01:59:19 (16673 turns).

VictoriousLee the Basher (GrEE)                    Turns: 16673, Time: 01:59:22

Health: 0/74       AC: 18    Str: 12    XL:     13   Next: 31%
Magic:  18/25      EV: 11    Int: 21    God:    Vehumet [*.....]
Gold:   555        SH:  0    Dex: 10    Spells: 14/28 levels left

rFire    . . .     SeeInvis .   W - +2 hand axe (flame)
rCold    . . .     Faith    .   (no shield)
rNeg     + . .     Spirit   .   V - +0 steam dragon scales
rPois    ∞         Reflect  .   k - +2 hat
rElec    +         Harm     .   d - scarf {repulsion}
rCorr    .         Rampage  .   O - +1 pair of gloves
Will     +....                  (no boots)
Stlth    ++........             P - amulet of regeneration
HPRegen  1.22/turn              j - ring of wizardry
MPRegen  0.19/turn              g - ring of willpower

@: hasted, repel missiles, very quick
A: sickness immunity, AC +9, negative energy resistance 1, electricity
resistance, torment resistance 1, petrification resistance
a: Renounce Religion


You were on level 11 of the Dungeon.
You worshipped Vehumet.
Vehumet was aware of your devotion.
You visited 2 branches of the dungeon, and saw 12 of its levels.
You also visited: Sewer and Ossuary.

You collected 555 gold pieces.

Inventory:

Hand Weapons
 G - a +2 mace of holy wrath
 J - a +2 flail of protection
 Q - a +5 flail of protection
 W - a +2 hand axe of flaming (weapon)
Missiles
 c - 279 stones
 f - 7 silver javelins
 r - 10 boomerangs
 t - 57 poisoned darts
 u - 2 atropa-tipped darts
 N - 2 silver boomerangs
Armour
 d - a scarf of repulsion (worn)
 k - a +2 hat (worn)
 l - a +1 robe of positive energy
 D - the +0 helmet "Iken Wyng" {rElec Stlth+}
   (You found it in a sewer)

   rElec:     It insulates you from electricity.
   Stlth:     It makes you more stealthy.
 O - a +1 pair of gloves (worn)
 R - a +0 tower shield
 S - a +1 chain mail of fire resistance
 U - a +0 scale mail of cold resistance
 V - +0 steam dragon scales (worn)
 X - a +1 leather armour of poison resistance
Jewellery
 g - a ring of willpower (right hand)
 h - a ring of see invisible
 j - a ring of wizardry (left hand)
 q - a ring of ice
 M - a +6 ring of dexterity
 P - an amulet of regeneration (around neck)
Wands
 e - a wand of polymorph (9)
 w - a wand of digging (7)
 x - a wand of iceblast (8)
 I - a wand of paralysis (6)
 Z - a wand of flame (19)
Scrolls
 a - 4 scrolls of enchant weapon {unknown}
 i - 5 scrolls of teleportation
 o - 2 scrolls of amnesia {unknown}
 y - 2 scrolls of noise {unknown}
 F - 5 scrolls of fear {unknown}
 H - 2 scrolls of vulnerability {unknown}
Potions
 m - 3 potions of attraction
 n - a potion of mutation
 p - 3 potions of curing
 v - 3 potions of resistance
 z - 2 potions of cancellation
 A - 2 potions of heal wounds
 B - 2 potions of invisibility
 L - a potion of flight
 Y - a potion of lignification {unknown}
Miscellaneous
 b - a box of beasts


   Skills:
 - Level 6.1 Fighting
 + Level 11.3 Maces & Flails
 - Level 1.5 Dodging
 - Level 2.1 Stealth
 - Level 8.3 Spellcasting
 - Level 9.4 Conjurations
 - Level 2.0 Transmutations
 - Level 9.5 Fire Magic
 - Level 9.2 Earth Magic


You had 14 spell levels left.
You knew the following spells:

 Your Spells              Type           Power      Damage    Failure   Level
a - Animate Armour        Summ/Erth      56%        N/A       4%          4
b - Sandblast             Erth           94%        2d19      1%          1
p - Passwall              Tmut/Erth      26%        N/A       1%          2
s - Sticky Flame          Conj/Fire      48%        2d7       1%          4
z - Stone Arrow           Conj/Erth      96%        3d13      1%          3

Your spell library contained the following spells:

 Spells                   Type           Power      Damage    Failure   Level
 Freeze                   Ice            32%        1d5       3%          1
 Beastly Appendage        Tmut           34%        N/A       1%          1
 Static Discharge         Conj/Air       28%        N/A       1%          2
 Wereblood                Tmut           17%        N/A       2%          2
 Summon Small Mammal      Summ           32%        N/A       3%          1
 Petrify                  Tmut/Erth      32%        N/A       3%          4
 Slow                     Hex            8%         N/A       4%          2
 Spider Form              Tmut/Pois      6%         N/A       6%          3
 Call Canine Familiar     Summ           8%         N/A       10%         3
 Confusing Touch          Hex            8%         N/A       10%         3
 Ozocubu's Armour         Ice            8%         N/A       10%         3
 Summon Guardian Golem    Hex/Summ       8%         N/A       10%         3
 Dispel Undead            Necr           8%         3d8       30%         4
 Yara's Violent Unravell  Hex/Tmut       6%         3d5       47%         5
 Metabolic Englaciation   Hex/Ice        4%         N/A       61%         5
 Lehudib's Crystal Spear  Conj/Erth      24%        10d7      98%         8
 Simulacrum               Ice/Necr       4%         N/A       99%         6


Dungeon Overview and Level Annotations

Branches:
Dungeon (11/15)            Temple (1/1) D:5            Lair (0/6) D:9
  Sewer (visited)         Ossuary (visited)
    Orc: D:9-12

Altars:
Ashenzari
Cheibriados
Dithmenos
Elyvilon
Fedhas
Gozag
Hepliaklqana
Kikubaaqudgha
Makhleb
Nemelex Xobeh
Okawaru
Qazlal
Ru
Sif Muna
Trog
Uskayaw
Vehumet
Wu Jian
Xom
Yredelemnul
Zin
The Shining One

Shops:
D:3 (

Annotations:
D:3 2 transporters, cahman's ghost, amateur HOMo
D:11 1 transporter, Snorg; pkoi's ghost, novice MiMo


Innate Abilities, Weirdness & Mutations

You are immune to sickness and miasma.
Your stone body is resilient. (AC +9)
You are immune to poison.
You resist negative energy. (rN+)
You are resistant to electric shocks. (rElec)
You are resistant to unholy torment.
You are immune to petrification.


Message History

The five-headed hydra is lightly wounded.
The five-headed hydra is covered in liquid flames!
The five-headed hydra burns!
The five-headed hydra bites you. x2
The five-headed hydra bites you but does no damage.
The five-headed hydra bites you.
The five-headed hydra bites you but does no damage.
You chop one of the five-headed hydra's heads off!
The flame cauterises the wound!
You hit the four-headed hydra. You burn the four-headed hydra.
The four-headed hydra is moderately wounded.
The four-headed hydra burns!
The four-headed hydra bites you!
The four-headed hydra barely misses you.
The four-headed hydra bites you! The four-headed hydra bites you.
You hit the four-headed hydra. You burn the four-headed hydra.
The four-headed hydra is moderately wounded.
The four-headed hydra burns!
The four-headed hydra bites you but does no damage.
The four-headed hydra closely misses you.
The four-headed hydra bites you.
The four-headed hydra bites you but does no damage.
You hit the four-headed hydra. You burn the four-headed hydra.
The four-headed hydra is heavily wounded.
The four-headed hydra burns!
The four-headed hydra bites you.
The four-headed hydra bites you but does no damage. x2
The four-headed hydra barely misses you.
You hit the four-headed hydra but do no damage.
The four-headed hydra is heavily wounded.
The four-headed hydra burns!
The four-headed hydra bites you! The four-headed hydra bites you.
The four-headed hydra bites you but does no damage.
The four-headed hydra bites you!
* * * LOW HITPOINT WARNING * * *
Okay, then.
You feel yourself speed up.
The four-headed hydra burns!
The four-headed hydra bites you.
* * * LOW HITPOINT WARNING * * *
The four-headed hydra misses you. The four-headed hydra bites you!
* * * LOW HITPOINT WARNING * * *
The four-headed hydra bites you!
You die...

#..............###..#.##..
##........#....# #....>..
##........##...## ####....
#..........#.#o.######...K
#..........#.............#
#........).#.T.)..........
#..........#.)).........K.
#.......)..#.D...........K
##.......@##.....[.....#).
##......#Doo).........#..
########)#....###...##..
##)###.......###.. ##).#
..###. #.. #..## ..# #.
#.. ##.## ..$. ### #..# #
# #### #


You could see a four-headed hydra (burning), an orc warrior and an orc wizard.

Vanquished Creatures
  A catoblepas (D:7)
  3 two-headed ogres
  Urug (D:10)
  3 cyclopes
  Maggie (D:6)
  A gargoyle (D:10)
  An efreet (D:8)
  Psyche (D:10)
  A meliai (D:8)
  4 hornets
  Prince Ribbit (D:6)
  Sigmund (D:3)
  A wraith (D:10)
  A shadow (D:6)
  5 wyverns
  13 yaks
  A vampire (D:8)
  Eustachio (D:6)
  3 vampire mosquitoes (D:8)
  Edmund (D:6)
  6 water moccasins
  A black bear (D:6)
  A necrophage (D:4)
  7 orc warriors
  An ice beast (D:8)
  4 ogres
  3 hornet zombies
  A centaur (D:11)
  2 phantoms
  2 elf zombies (Ossuary)
  3 kobold brigands
  2 bullfrogs (D:8)
  A wyvern zombie (D:6)
  2 scorpions
  A wyvern skeleton (D:6)
  2 water moccasin skeletons
  10 killer bees (D:10)
  4 howler monkeys
  2 wights (D:8)
  An electric eel (D:10)
  7 centaur zombies
  3 human zombies (Ossuary)
  A gnoll shaman (D:7)
  4 hounds
  6 orc priests
  2 centaur skeletons
  Jessica (D:3)
  3 iguanas
  5 orc wizards
  Natasha (thrice) (D:3)
  2 hound skeletons
  2 mummies (Ossuary)
  A howler monkey zombie (D:8)
  4 adders
  9 gnolls
  3 river rats (Sewer)
  A white imp (D:8)
  An ufetubus (D:6)
  2 adder zombies (Ossuary)
  3 worms
  4 dart slugs
  29 orcs
  8 ball pythons
  A bat (D:2)
  12 endoplasms
  6 giant cockroaches
  3 goblins
  5 hobgoblins
  8 jackals
  27 kobolds
  3 quokkas
  8 frilled lizards
  2 goblin zombies
  8 hobgoblin zombies (Ossuary)
  2 jackal zombies (Ossuary)
  9 kobold zombies (Ossuary)
  8 orc zombies (Ossuary)
  27 rats
  A rat zombie (D:7)
  A spectral hobgoblin (D:6)
336 creatures vanquished.

Vanquished Creatures (others)
  A bush (D:9)
  3 fungi (D:9)
  22 plants
  A withered plant (D:8)
27 creatures vanquished.

Grand Total: 363 creatures vanquished

Notes
Turn   | Place    | Note
-------+----------+-------------------------------------------
     0 | D:1      | VictoriousLee the Gargoyle Earth Elementalist began the
                  | quest for the Orb.
     0 | D:1      | Reached XP level 1. HP: 10/10 MP: 3/3
   207 | D:1      | Reached XP level 2. HP: 15/15 MP: 3/5
  1093 | D:1      | Reached skill level 1 in Maces & Flails
  1093 | D:1      | Reached XP level 3. HP: 19/19 MP: 4/6
  1367 | D:1      | Learned a level 3 spell: Stone Arrow
  1689 | D:2      | Found a faded altar of an unknown god.
  1809 | D:2      | Reached skill level 1 in Conjurations
  2365 | D:2      | Reached skill level 5 in Earth Magic
  2365 | D:2      | Reached XP level 4. HP: 24/24 MP: 2/7
  2368 | D:2      | Learned a level 2 spell: Passwall
  2447 | D:3      | Noticed Natasha
  2447 | D:3      | Noticed Jessica
  2447 | D:3      | Found Offeaf's Antique Weapon Shop.
  2614 | D:3      | Noticed Sigmund
  2626 | D:3      | Killed Sigmund
  2627 | D:3      | Reached XP level 5. HP: 18/28 MP: 2/8
  2796 | D:3      | Killed Jessica
  2797 | D:3      | Reached skill level 5 in Conjurations
  2797 | D:3      | Reached XP level 6. HP: 28/32 MP: 6/9
  2873 | D:3      | Killed Natasha
  3311 | D:3      | Found a transporter.
  3317 | D:3      | Noticed Natasha
  3325 | D:3      | Killed Natasha
  3380 | D:3      | Noticed cahman's ghost (amateur HOMo)
  3425 | D:3      | Noticed Natasha
  3430 | D:3      | Killed Natasha
  3431 | D:3      | Reached XP level 7. HP: 36/36 MP: 5/10
  3521 | D:3      | Found a transporter.
  3610 | D:4      | Reached skill level 1 in Transmutations
  4137 | D:4      | Found a glowing drain.
  4141 | Sewer    | Entered a sewer
  4472 | Sewer    | Reached skill level 2 in Maces & Flails
  4690 | Sewer    | Identified the +0 helmet "Iken Wyng" {rElec Stlth+}
  5394 | D:4      | Reached XP level 8. HP: 41/41 MP: 6/11
  5839 | D:5      | Entered Level 5 of the Dungeon
  6114 | D:5      | Found a staircase to the Ecumenical Temple.
  6124 | Temple   | Entered the Ecumenical Temple
  7201 | D:6      | Reached skill level 3 in Maces & Flails
  7211 | D:6      | Noticed Edmund
  7407 | D:6      | Killed Edmund
  7699 | D:6      | Noticed Prince Ribbit
  7703 | D:6      | Killed Prince Ribbit
  7704 | D:6      | Reached skill level 4 in Maces & Flails
  7704 | D:6      | Reached XP level 9. HP: 45/45 MP: 2/12
  7807 | D:6      | Reached skill level 5 in Maces & Flails
  7909 | D:6      | Reached skill level 6 in Maces & Flails
  8181 | D:6      | Noticed Maggie
  8194 | D:6      | Killed Maggie
  8195 | D:6      | Reached skill level 7 in Maces & Flails
  8365 | D:6      | Noticed a hornet
  8404 | D:6      | Killed a hornet
  8489 | D:6      | Found a burning altar of Makhleb.
  8608 | D:6      | Reached skill level 8 in Maces & Flails
  8758 | D:6      | Noticed Eustachio
  8771 | D:6      | Killed Eustachio
  8903 | D:6      | Found a hazy altar of Hepliaklqana.
  9068 | D:6      | Learned a level 4 spell: Sticky Flame
  9148 | D:7      | Reached skill level 1 in Fire Magic
  9157 | D:7      | Found a sand-covered staircase.
  9258 | D:7      | Reached skill level 9 in Maces & Flails
  9320 | Ossuary  | Entered an ossuary
  9531 | Ossuary  | Reached XP level 10. HP: 46/50 MP: 13/13
 10158 | D:7      | Reached skill level 10 in Maces & Flails
 10532 | D:8      | Noticed a two-headed ogre
 10538 | D:8      | Killed a two-headed ogre
 10539 | D:8      | Reached skill level 5 in Fire Magic
 10771 | D:8      | Found an ancient bone altar of Kikubaaqudgha.
 11771 | D:8      | Noticed a catoblepas
 11841 | D:7      | Killed a catoblepas
 12527 | D:8      | Reached XP level 11. HP: 54/54 MP: 7/14
 12774 | D:8      | Noticed a cyclops
 12785 | D:8      | Killed a cyclops
 13216 | D:9      | Noticed a cyclops
 13237 | D:9      | Killed a cyclops
 13241 | D:9      | Noticed a two-headed ogre
 13337 | D:8      | Noticed a two-headed ogre
 13521 | D:8      | Killed a two-headed ogre
 13675 | D:9      | Killed a two-headed ogre
 13676 | D:9      | Reached skill level 5 in Spellcasting
 13770 | D:9      | Found a sparkling altar of Nemelex Xobeh.
 14288 | D:9      | Found a staircase to the Lair.
 14672 | D:9      | You fall into a shaft and drop 1 floor!
 14672 | D:10     | Entered Level 10 of the Dungeon
 15024 | D:9      | Found a bloodstained altar of Trog.
 15121 | D:10     | Reached XP level 12. HP: 59/59 MP: 24/24
 15236 | D:9      | Found a radiant altar of Vehumet.
 15248 | D:9      | Became a worshipper of Vehumet
 15378 | D:10     | Noticed Urug
 15454 | D:10     | Learned a level 4 spell: Animate Armour
 15559 | D:10     | Killed Urug
 15694 | D:10     | Noticed Psyche
 15711 | D:10     | Killed Psyche
 16169 | D:11     | Reached skill level 11 in Maces & Flails
 16256 | D:11     | Found a transporter.
 16256 | D:11     | Noticed a tengu warrior
 16259 | D:11     | Noticed a two-headed ogre
 16261 | D:11     | Noticed pkoi's ghost (novice MiMo)
 16267 | D:11     | Noticed a two-headed ogre
 16281 | D:11     | Reached XP level 13. HP: 74/74 MP: 21/25
 16363 | D:11     | Noticed Snorg
 16377 | D:11     | Reached * piety under Vehumet
 16377 | D:11     | Offered knowledge of Freeze by Vehumet.
 16673 | D:11     | Slain by a four-headed hydra

Illustrated notes

Levels and vault maps discovered:
D:1:      dpeg_arrival_court, layout_loops_corners
D:2:      layout_loops_ring, shapermc_ecumenical_altar_acropolis
D:3:      layout_basic, serial_shops,
          nicolae_shop_temple_entry_statues_fountains,
          gammafunk_ghost_gnarly_gnolls, uniq_natasha, uniq_jessica,
          uniq_sigmund
D:4:      layout_loops_corners, gup_sewer_entry_spiral, solitary_fountain
D:5:      layout_gridville, minmay_temple_entry_slanted,
          minmay_fractal_squares_diagonal_5
D:6:      layout_loops_cross, nicolae_hepliaklqana_monster_ancestors,
          kennysheep_little_box, uniq_prince_ribbit1, uniq_eustachio,
          uniq_edmund, uniq_maggie
D:7:      layout_rooms, enter_ossuary_4
D:8:      minmay_the_grid_four_pointed_star
          [minmay_the_grid_triangle_9x9_pentomino_pain,
          minmay_the_grid_triangle_9x9_negative_grid,
          minmay_the_grid_triangle_9x9_alien,
          minmay_the_grid_triangle_9x9_windchime,
          minmay_the_grid_prize_four_corners], layout_basic,
          kiku_gazebo_garden_becter
D:9:      layout_loops_ring, nicolae_overflow_hidden_temple,
          minmay_lair_entry_grove
D:10:     layout_irregular_city, lightli_minifort, uniq_psyche, uniq_urug
D:11:     layout_rooms, gammafunk_ghost_wrathful_warriors, special_room
          [special_room_orc], uniq_snorg
Temple:   nicolae_temple_elliptical

Skill      XL: |  1  2  3  4  5  6  7  8  9 10 11 12 |
---------------+-------------------------------------+-----
Earth Magic    | 4 5 6 9 |  9.2
Maces & Flails | 1 2 4 9 10 11 | 11.3
Conjurations   | 1 4 5 6 7 9 |  9.4
Transmutations | 2 |  2.0
Fire Magic     | 2 8 9 |  9.5
Spellcasting   | 8 |  8.3
Fighting       | 6 |  6.1
Dodging        | |  1.5
Stealth        | |  2.1

Action                   |  1- 3 |  4- 6 |  7- 9 | 10-12 | 13-15 || total
-------------------------+-------+-------+-------+-------+-------++-------
Melee: Club              |   107 |       |       |       |       ||   107
       Whip              |       |     7 |    23 |       |       ||    30
       Hand axe          |       |       |   173 |       |     4 ||   177
       Flail             |       |       |   181 |   275 |    23 ||   479
Throw: Dart              |       |       |     1 |     2 |       ||     3
       Stone             |       |       |     1 |       |       ||     1
       Boomerang         |       |       |       |     2 |       ||     2
 Cast: Sandblast         |    28 |    19 |    47 |    27 |     2 ||   123
       Stone Arrow       |       |     4 |    69 |    87 |    16 ||   176
       Sticky Flame      |       |       |       |    36 |     6 ||    42
       Animate Armour    |       |       |       |     2 |       ||     2
Evoke: Wand              |       |       |     1 |       |       ||     1
  Use: Potion            |       |     3 |     3 |     8 |     1 ||    15
       Scroll            |       |       |     6 |     7 |       ||    13
 Stab: Sleeping          |     5 |       |     6 |       |       ||    11
       Invisible         |       |       |     1 |       |       ||     1
       Distracted        |       |       |       |     1 |       ||     1
Armor: Robe              |    38 |     2 |    87 |       |       ||   127
       Ring mail         |       |       |    18 |       |       ||    18
       Steam dragon scal |       |       |    58 |   167 |    18 ||   243
       Skin              |       |       |       |     2 |       ||     2
Dodge: Dodged            |    63 |     5 |   258 |   171 |    18 ||   515
       Repelled          |       |       |     1 |     2 |       ||     3
